 Dungeon Crawl Stone Soup version 0.31-a0-986-g5e6e4ef867 (webtiles) character file.

Game seed: 16516202271214197902

1277 DocClef the Ruffian (level 8, -3/78 HPs)
             Began as a Troll Shapeshifter on Nov 10, 2023.
             Slain by a hound (5 damage)
             ... on level 6 of the Dungeon.
             The game lasted 00:04:14 (3487 turns).

DocClef the Ruffian (Troll Shapeshifter)            Turns: 3487, Time: 00:04:15

Health: -3/78      AC:  4    Str: 25    XL:     8   Next: 29%
Magic:  7/7        EV: 10    Int:  6    God:
Gold:   287        SH:  0    Dex:  9    Spells: 7/7 levels left

rFire   . .          .
                       - Unarmed
rCold   . . .        (no shield)
rNeg    . . .        a - +0 animal skin
rPois   .            (helmet currently unavailable)
rElec   .            (cloak currently unavailable)
rCorr   +            (gloves unavailable)
SInv    .            (boots unavailable)
Will    .....        (no amulet)
Stlth   +            l - ring of resist corrosion
HPRegen 1.13/turn    (no ring)
MPRegen 0.10/turn

%: no passive effects
@: brilliant, lethally poisoned (-3 -> -3), beast-form, invisible
A: beast (slay +3), large, unfitting armour, claws 3, regeneration 1, shaggy fur
1, tough skin 1
a: Begin Untransformation


You were on level 6 of the Dungeon.
You were a hulking beast.
You visited 1 branch of the dungeon, and saw 6 of its levels.

You collected 287 gold pieces.

Inventory:

Armour
 a - a +0 animal skin (worn)
Jewellery
 l - a ring of resist corrosion (left claw)
 r - a ring of ice
Talismans
 c - a beast talisman
 d - a flux talisman
Wands
 v - a wand of polymorph (5)
Scrolls
 g - 2 scrolls of identify {unknown}
 h - a scroll of revelation {unknown}
 j - a scroll of torment {unknown}
 o - a scroll of poison {unknown}
 p - 2 scrolls of vulnerability {unknown}
 s - a scroll of enchant weapon {unknown}
Potions
 f - 2 potions of curing
 m - a potion of cancellation {unknown}
 n - a potion of haste {unknown}
 q - a potion of mutation {unknown}
 t - a potion of ambrosia {unknown}
 u - a potion of attraction {unknown}
 w - a potion of heal wounds {unknown}


   Skills:
 + Level 4.1 Fighting
 + Level 4.4 Dodging
 + Level 5.8 Unarmed Combat
 + Level 5.4 Shapeshifting


You had 7 spell levels left.
You didn't know any spells.
Your spell library contained the following spells:

 Spells                   Type           Power      Damage    Failure   Level
 Slow                     Hex            0%         N/A       45%         1
 Confusing Touch          Hex            0%         N/A       83%         3
 Sigil of Binding         Hex            0%         N/A       83%         3
 Vampiric Draining        Necr           0%         2d6       83%         3


Dungeon Overview and Level Annotations

Branches:
Dungeon (6/15)
 Temple: D:4-7

Altars:
Makhleb
Qazlal


Innate Abilities, Weirdness & Mutations

You are a hulking beast.
Your limbs bulge with bestial killing power. (Slay +3)
You are too large for most types of armour.
You have claws for hands.
Your natural rate of healing is unusually fast.
You are covered in fur. (AC +1)
You have tough skin. (AC +1)


Message History

* * * LOW HITPOINT WARNING * * *
You cannot move.
As you read the scroll labelled AFORAP LOSTUNI, it dissolves into smoke.
It was a scroll of fog.
Something hits you but does no damage.
The kobold throws a poisoned dart.
The poisoned dart hits you!
You are poisoned.
The orc warrior shoots a bolt.
It was a potion of invisibility.
You fade into invisibility!
You feel very sick. Something hits you but does no damage.
The orc warrior shoots a bolt.
Reactivating autopickup.
You cannot move.
Okay, then.
You cannot move.
You cannot move.
You cannot move.
You cannot move.
There are monsters nearby!
There are monsters nearby!
You swing at nothing.
You feel sick.
The orc warrior shoots a bolt.
The bolt closely misses the kobold.
The bolt barely misses you.
You catch the helpless kobold completely off-guard!
You smack the kobold!
You kill the kobold!
You feel sick.
You hit the kobold.
You kill the kobold!
You feel sick.
You pummel the kobold!!
You kill the kobold!
You feel less wooden.
Your +0 animal skin unmelds from your body.
You turn into a hulking beast.
You feel sick.
The orc warrior shoots a bolt.
The bolt hits you!
* * * LOW HITPOINT WARNING * * *
It was a potion of brilliance.
You feel clever all of a sudden.
You feel sick. The hound bites you.
You die...

.# #.# ###...# .# #.#
#.....#.# .. .# #.#
#.#...#.# ...
.####.######.#)..#.#
...>
...........).)...#.##..
.
#####.######.#..##.#h...
#........#.<# .§#.#.#
##########§###§§.....
#§§hho# #######


You could see an orc warrior (unable to see you) and a hound.

Vanquished Creatures
  Sigmund (D:4)
  Edmund (D:4)
  An orc warrior (D:6)
  An ogre (D:6)
  A bullfrog (D:6)
  A kobold brigand (D:6)
  2 scorpions (D:5)
  A howler monkey (D:6)
  2 orc priests
  3 jellies
  A sleepcap (D:5)
  3 iguanas
  4 orc wizards
  6 adders
  3 gnolls (D:2)
  2 worms (D:2)
  2 dart slugs
  11 orcs
  3 ball pythons
  7 bats
  7 endoplasms
  5 giant cockroaches
  7 goblins
  8 hobgoblins
  6 jackals (D:3)
  12 kobolds
  5 quokkas
  5 frilled lizards
  9 rats
120 creatures vanquished.

Vanquished Creatures (others)
  A sky beast (D:6)
1 creature vanquished.

Grand Total: 121 creatures vanquished

Notes
Turn   | Place    | Note
-------+----------+-------------------------------------------
     0 | D:1      | DocClef the Troll Shapeshifter began the quest for the Orb.
     0 | D:1      | Reached XP level 1. HP: 18/18 MP: 0/0
    79 | D:1      | Reached skill level 1 in Fighting
    91 | D:1      | Reached XP level 2. HP: 27/27 MP: 1/1
   383 | D:1      | Reached XP level 3. HP: 33/33 MP: 2/2
   736 | D:2      | Reached XP level 4. HP: 39/42 MP: 3/3
  1779 | D:3      | Found a faded altar of an unknown god.
  1784 | D:3      | Reached XP level 5. HP: 30/49 MP: 4/4
  2072 | D:4      | Found a stormy altar of Qazlal.
  2072 | D:4      | Found a burning altar of Makhleb.
  2442 | D:4      | Noticed Sigmund
  2454 | D:4      | Killed Sigmund
  2455 | D:4      | Reached XP level 6. HP: 50/59 MP: 5/5
  2479 | D:4      | Noticed Edmund
  2492 | D:4      | Killed Edmund
  2638 | D:4      | Reached XP level 7. HP: 65/67 MP: 6/6
  2723 | D:5      | Entered Level 5 of the Dungeon
  2845 | D:5      | Reached skill level 5 in Unarmed Combat
  3119 | D:5      | Reached skill level 5 in Shapeshifting
  3405 | D:6      | Reached XP level 8. HP: 50/78 MP: 7/7
  3486 | D:6      | HP: 2/78 [orc warrior/bolt (10)]
  3487 | D:6      | Slain by a hound

Illustrated notes

Levels and vault maps discovered:
D:1:      mrwooster_arrival_arrow, layout_basic
D:2:      minmay_razor_zed, layout_loops_ring
D:3:      layout_basic, shapermc_ecumenical_altar_mp_highgroup
D:4:      layout_basic, nicolae_overflow_two_pavilions, sigmund_edmund_badplayer
D:5:      layout_cave_pools
D:6:      layout_basic, st_stairs_4, minmay_manual_monstrance, uniq_sigmund,
          uniq_grinder

Skill      XL: |  1  2  3  4  5  6  7  8 |
---------------+-------------------------+-----
Fighting       | 1 2 3 4 |  4.1
Dodging        | 2 3 4 |  4.4
Unarmed Combat | 4 5 |  5.8
Shapeshifting  | 4 5 |  5.4

Action                     |  1- 3 |  4- 6 |  7- 9 || total
---------------------------+-------+-------+-------++-------
  Melee: Unarmed           |    78 |   140 |   126 ||   344
         Punch             |     2 |     2 |     2 ||     6
    Use: Potion            |       |       |     4 ||     4
         Scroll            |       |       |     1 ||     1
   Stab: Sleeping          |       |     1 |       ||     1
         Invisible         |       |       |     1 ||     1
 Armour: Animal skin       |    41 |    90 |    97 ||   228
         Skin              |       |       |    17 ||    17
  Dodge: Dodged            |    43 |    69 |    54 ||   166

Table legend: (Time is in decaauts)
 A = Elapsed time spent in this place.
 B = Non-inter-level travel time spent in this place.
 C = Inter-level travel time spent in this place.
 D = Time resting spent in this place.
 E = Time spent auto-exploring this place.
 F = Levels seen in this place.
 G = Mean time per level.
                   A        B        C        D        E       F      G
               +--------+--------+--------+--------+--------+-----+--------+
         Total |   3458 |   3357 |    101 |     52 |   2605 |   6 |  576.3 |
       Dungeon |   3458 |   3357 |    101 |     52 |   2605 |   6 |  576.3 |
               +--------+--------+--------+--------+--------+-----+--------+

Top non-repeatable levels by time:
     D:2: 822 daAuts
     D:4: 773 daAuts
     D:5: 610 daAuts
     D:1: 604 daAuts
     D:3: 507 daAuts
     D:6: 140 daAuts
